AoeStats
← 平民老百姓

Nomad

505004625Analyzed
3v3 RM · 26d ago on Sep 7, 2026· 39m 30s· 6 players
Game mode
Random Map
Map size
210×210
Population
200
Speed
Normal
Resources
Standard
Victory
Conquest
Starting age
Dark Age
Ending age
Imperial Age
RankedLock teamsTeams togetherTeam positionsShared explorationLock speedFull tech treeHidden civsTurbo modeCheats
Victory
Defeat
🇨🇳 Italians · China
1295
+15
🇦🇺 Romans · Australia
1265
+16
🇹🇼 Persians · Taiwan
1226
+17
🇹🇼 Spanish · Taiwan
1264
-16
🇳🇱 Vietnamese · Netherlands
1264
-16
🇬🇧 Persians · United Kingdom
1254
-16
Laurie
6:11 Loom
16:23 Feudal Age
22:32 Castle Age
24:36 Double-Bit Axe
31:29 Castle Age
30:06 Wheelbarrow
Purple Parasite
4:44 Loom
12:27 Feudal Age
15:50 Fletching
22:24 Castle Age
20:48 Padded Archer Armor
20:32 Horse Collar
21:01 Gold Mining
23:00 Bodkin Arrow
22:41 Crossbowman
31:10 Leather Archer Armor
平民老百姓
10:39 Loom
14:14 Feudal Age
17:35 Double-Bit Axe
17:52 Stone Mining
21:04 Castle Age
18:57 Fletching
19:36 Horse Collar
22:41 Bodkin Arrow
28:53 Heavy Plow
28:56 Padded Archer Armor
31:23 Stone Shaft Mining
30:43 Gold Mining
31:10 Leather Archer Armor
33:43 Wheelbarrow
younguns
6:48 Loom
13:16 Feudal Age
17:39 Castle Age
18:11 Bloodlines
18:40 Scale Barding Armor
18:45 Forging
19:31 Double-Bit Axe
22:04 Chain Barding Armor
23:10 Horse Collar
24:57 Iron Casting
28:09 Husbandry
29:54 Wheelbarrow
30:23 Town Watch
33:18 Fletching
34:27 Hand Cart
37:10 Imperial Age
34:45 Town Patrol
35:41 Bodkin Arrow
38:50 Plate Barding Armor
39:16 Blast Furnace
38:03 Cavalier
39:36 Bow Saw
纯属意外666
5:12 Loom
14:00 Feudal Age
15:53 Fishing Lines
18:46 Castle Age
17:00 Double-Bit Axe
17:06 Fletching
17:17 Padded Archer Armor
17:09 Gold Mining
17:10 Stone Mining
19:24 Gillnets
19:38 Bodkin Arrow
19:58 Leather Archer Armor
20:03 Medium Warships
23:35 Bow Saw
25:44 Horse Collar
28:11 Wheelbarrow
28:25 Stone Shaft Mining
29:51 Hand Cart
34:20 Imperial Age
32:13 Ballistics
34:29 Town Watch
34:48 Murder Holes
35:23 Bracer
35:53 Ring Archer Armor
36:26 Chemistry
35:38 Fortified Wall
35:38 Masonry
36:03 Conscription
35:10 Elite Genoese Crossbowman
Zuvela
11:17 Loom
13:22 Feudal Age
13:51 Man-at-Arms
14:53 Scale Mail Armor
17:35 Fishing Lines
20:13 Castle Age
19:56 Horse Collar
20:18 Double-Bit Axe
20:52 Long Swordsman
22:02 Chain Mail Armor
24:29 Fletching
24:40 Padded Archer Armor
25:29 Gillnets
25:31 Elite Skirmisher
26:10 Bodkin Arrow
26:31 Leather Archer Armor
29:28 Bow Saw
32:16 Wheelbarrow
37:53 Imperial Age
38:34 Ballistics
39:19 Leather Archer Armor
40:23 Conscription
Connection lost

Rejoining the realm…

Still unreachable

The connection could not be restored.

Session expired

The server has moved on; the page needs a fresh start.